 Dungeon Crawl Stone Soup version 0.27-a0-1060-gcb85b5eba1 (webtiles) character file.

Game seed: 8880639301870477006

21 wakim the Sneak (level 3, 0/22 HPs)
             Began as a Kobold Brigand on Apr 21, 2021.
             Slain by a rat (3 damage)
             ... on level 2 of the Dungeon.
             The game lasted 00:02:30 (972 turns).

wakim the Sneak (Kobold Brigand)                     Turns: 972, Time: 00:02:30

Health: 0/22       AC:  5    Str:  8    XL:     3   Next: 2%
Magic:  3/3        EV: 15    Int: 12    God:
Gold:   16         SH:  0    Dex: 17    Spells: 2/2 levels left

rFire    . . .     SeeInvis .   b - +0 dagger (elec)
rCold    . . .     Faith    .   (shield restricted)
rNeg     . . .     Spirit   .   i - +0 robe
rPois    .         Reflect  .   (no helmet)
rElec    .         Harm     .   c - +0 cloak
rCorr    .         Rampage  .   f - +1 pair of gloves {Stlth+}
Will     .....                  (no boots)
Stlth    +++++.....             h - amulet of the acrobat
HPRegen  0.07/turn              (no ring)
MPRegen  0.08/turn              (no ring)

@: no status effects
A: small, no large weapons, nightstalker 3
a: no special abilities


You were on level 2 of the Dungeon.
You visited 1 branch of the dungeon, and saw 2 of its levels.

You collected 16 gold pieces.

Inventory:

Hand Weapons
 a - a +2 dagger
 b - a +0 dagger of electrocution (weapon)
Missiles
 d - 19 poisoned darts (quivered)
 e - 2 curare-tipped darts {=f}
Armour
 c - a +0 cloak (worn)
 f - a +1 pair of gloves of stealth (worn)
 i - a +0 robe (worn)
Jewellery
 h - an amulet of the acrobat (around neck)
Potions
 g - a potion of resistance {unknown}
 H - a potion of haste


   Skills:
 + Level 2.5 Fighting
 * Level 3.2 Short Blades
 - Level 2.1 Throwing
 * Level 2.1 Dodging
 + Level 5.5 Stealth


You had 2 spell levels left.
You didn't know any spells.
Your spell library was empty.

Dungeon Overview and Level Annotations

Branches:
Dungeon (2/15)

Altars:


Innate Abilities, Weirdness & Mutations

You are small and have problems with some larger weapons.
You are completely attuned to the shadows.


Message History

The adder is heavily wounded.
The adder barely misses you. The adder bites you.
You are poisoned.
The adder poisons you!
You miss the adder.
The adder is heavily wounded.
You feel sick. The adder closely misses you.
You completely miss the adder.
The adder is heavily wounded.
You feel sick. The adder barely misses you.
You closely miss the adder.
The adder is heavily wounded.
You feel sick. The adder closely misses you.
You barely miss the adder.
The adder is heavily wounded.
You feel sick. The adder bites you but does no damage.
The rat closely misses you.
You barely miss the adder.
The adder is heavily wounded.
You feel sick. The adder bites you.
* * * LOW HITPOINT WARNING * * *
The rat closely misses you.
You hit the adder.
The adder is severely wounded.
You feel sick.
You are no longer poisoned.
The adder bites you but does no damage.
You closely miss the adder.
The adder is severely wounded.
The adder completely misses you. The rat misses you.
Unknown command.
You hit the adder.
The adder is almost dead.
The adder bites you.
* * * LOW HITPOINT WARNING * * *
The rat completely misses you. The adder bites you but does no damage.
You hit the adder but do no damage.
The adder is almost dead.
The rat bites you.
You die...

####...# .......
#....# #.rS.###
##..@.... #.
#.....#.. #.##
#.....#........###...
#....##.........#....
#....##<.)..........(
#....##.......#.#....
#....##..............
#........###+#.......
.........+ #.#.#.....


You could see an adder and a rat.

Vanquished Creatures
  2 ball pythons
  A goblin (D:1)
  3 hobgoblins
  5 jackals (D:1)
  A quokka (D:1)
  A bat (D:2)
  2 frilled lizards
  2 kobolds (D:2)
  2 rats (D:1)
19 creatures vanquished.

Notes
Turn   | Place    | Note
-------+----------+-------------------------------------------
     0 | D:1      | wakim the Kobold Brigand began the quest for the Orb.
     0 | D:1      | Reached XP level 1. HP: 12/12 MP: 1/1
   277 | D:1      | Identified a scroll of acquirement
   277 | D:1      | Acquired a +1 pair of gloves of stealth
   302 | D:1      | Found a faded altar of an unknown god.
   309 | D:1      | Reached XP level 2. HP: 18/18 MP: 2/2
   943 | D:2      | Reached XP level 3. HP: 22/22 MP: 3/3
   972 | D:2      | Slain by a rat

Illustrated notes

Levels and vault maps discovered:
D:1:      giann_horns, layout_rooms, basic_ecumenical_altar
D:2:      layout_basic, serial_curves, eino_curves_04, eino_curves_04

Skill      XL: |  1  2 |
---------------+-------+-----
Short Blades   | 3 |  3.2
Dodging        | 2 |  2.1
Fighting       | |  2.5
Throwing       | |  2.1
Stealth        | |  5.5

Action                   || total
-------------------------++-------
Melee: Dagger            ||    75
Throw: Dart              ||     5
  Use: Scroll            ||     4
 Stab: Sleeping          ||     9
Armor: Robe              ||    15
Dodge: Dodged            ||    45

Table legend: (Time is in decaauts)
 A = Elapsed time spent in this place.
 B = Non-inter-level travel time spent in this place.
 C = Inter-level travel time spent in this place.
 D = Time resting spent in this place.
 E = Time spent auto-exploring this place.
 F = Levels seen in this place.
 G = Mean time per level.
                   A        B        C        D        E       F      G
               +--------+--------+--------+--------+--------+-----+--------+
         Total |    960 |    941 |     19 |      0 |    753 |   2 |  480.0 |
       Dungeon |    960 |    941 |     19 |      0 |    753 |   2 |  480.0 |
               +--------+--------+--------+--------+--------+-----+--------+

Top non-repeatable levels by time:
     D:1: 791 daAuts
     D:2: 168 daAuts
